 Dungeon Crawl Stone Soup version 0.29-a0-266-gf56f883ddd (webtiles) character file.

Game seed: 8987075086707817227

34626 Crownlay the Thaumaturge (level 13, -3/78 HPs)
             Began as a Gargoyle Earth Elementalist on Mar 6, 2022.
             Was a High Priest of Vehumet.
             Shot with a sling bullet by a minotaur (20 damage)
             ... in a Gauntlet.
             The game lasted 00:58:14 (21798 turns).

Crownlay the Thaumaturge (GrEE)                    Turns: 21798, Time: 00:58:15

Health: -3/78      AC: 18    Str: 13    XL:     13   Next: 78%
Magic:  12/40      EV: 11    Int: 20    God:    Vehumet [*****.]
Gold:   461        SH:  0    Dex: 10    Spells: 16/40 levels left

rFire   + . .      SeeInvis .   g - staff of earth
rCold   + . .      Faith    .   (no shield)
rNeg    + + +      Spirit   .   k - +2 robe {Will+}
rPois   ∞          Reflect  .   q - +3 helmet "Saisulaw" {rN+++ Stlth-}
rElec   +          Harm     .   d - scarf {rC+ rF+}
rCorr   +          Rampage  .   A - +0 pair of gloves
Will    +....      NoTele   +   (no boots)
Stlth   +.........              (no amulet)
HPRegen 0.23/turn               r - ring of resist corrosion
MPRegen 0.27/turn               K - ring of magical power

@: studying Slings
A: sickness immunity, AC +9, negative energy resistance 1, electricity
resistance, torment resistance 1, petrification resistance
a: Renounce Religion


You were in a Gauntlet.
You worshipped Vehumet.
Vehumet was extremely pleased with you.
You visited 3 branches of the dungeon, and saw 18 of its levels.
You also visited: Ossuary and Gauntlet.

You collected 818 gold pieces.
You spent 357 gold pieces at shops.

Inventory:

Hand Weapons
 E - a +0 long sword
 F - a +5 spear
 I - the +7 mace "Ahoas" {vorpal, rF+ Stlth+}
   (You found it on level 8 of the Dungeon)

   It inflicts extra damage upon your enemies.
   rF:        It protects you from fire.
   Stlth:     It makes you more stealthy.
Missiles
 a - 44 stones
Armour
 d - a scarf of resistance (worn)
 k - a +2 robe of willpower (worn)
 q - the +3 helmet "Saisulaw" (worn) {rN+++ Stlth-}
   (You found it on level 4 of the Dungeon)

   rN:        It renders you almost immune to negative energy.
   Stlth:     It makes you less stealthy.
 A - a +0 pair of gloves (worn)
Magical Staves
 g - a staff of earth (weapon)
Jewellery
 i - a ring of fire
 r - a ring of resist corrosion (left hand)
 D - an amulet of reflection
 K - a ring of magical power (right hand)
 P - an amulet of faith
Wands
 b - a wand of polymorph (14)
 o - a wand of flame (2)
 w - a wand of charming (5)
 G - a wand of paralysis (15)
 J - a wand of iceblast (12)
 M - a wand of acid (5)
Scrolls
 f - 3 scrolls of amnesia
 j - 6 scrolls of magic mapping
 l - 3 scrolls of enchant weapon
 m - 5 scrolls of holy word
 p - 5 scrolls of fear
 s - 3 scrolls of fog
 t - a scroll of blinking
 v - 4 scrolls of enchant armour
 y - 4 scrolls of teleportation
 L - a scroll of acquirement
 N - a scroll of brand weapon {unknown}
Potions
 c - a potion of magic
 e - 4 potions of invisibility
 h - 4 potions of might
 n - 2 potions of ambrosia {unknown}
 u - 6 potions of curing
 x - 5 potions of cancellation
 z - 5 potions of brilliance {unknown}
 B - 4 potions of haste
 C - a potion of heal wounds {unknown}
 H - 3 potions of flight {unknown}
 O - a potion of resistance {unknown}


   Skills:
 + Level 7.7 Fighting
 - Level 1.5 Dodging
 - Level 2.1 Stealth
 * Level 14.1 Spellcasting
 - Level 10.0 Conjurations
 - Level 10.0 Summonings
 - Level 0.7 Transmutations
 + Level 10.6 Earth Magic


You had 16 spell levels left.
You knew the following spells:

 Your Spells              Type           Power      Damage    Failure   Level
a - Sandblast             Erth           100%       2d20      1%          1
b - Passwall              Tmut/Erth      44%        N/A       1%          2
c - Stone Arrow           Conj/Erth      100%       3d13      1%          3
d - Iron Shot             Conj/Erth      35%        9d7       2%          6
e - Spellforged Servitor  Conj/Summ      26%        N/A       17%         7
f - Lee's Rapid Deconstr  Erth           35%        3d19*     1%          5

Your spell library contained the following spells:

 Spells                   Type           Power      Damage    Failure   Level
 Olgreb's Toxic Radiance  Pois           14%        N/A       12%         4
 Magic Dart               Conj           100%       1d8       1%          1
 Summon Small Mammal      Summ           100%       N/A       1%          1
 Call Imp                 Summ           52%        N/A       1%          2
 Call Canine Familiar     Summ           52%        N/A       1%          3
 Mephitic Cloud           Conj/Pois/Air  27%        N/A       1%          3
 Summon Guardian Golem    Hex/Summ       34%        N/A       1%          3
 Iskenderun's Battlesphe  Conj           52%        2d10      1%          5
 Animate Skeleton         Necr           28%        N/A       4%          1
 Pain                     Necr           56%        1d6       4%          1
 Leda's Liquefaction      Hex/Erth       26%        N/A       4%          4
 Petrify                  Tmut/Erth      53%        N/A       4%          4
 Blink                    Tloc           28%        N/A       7%          2
 Ensorcelled Hibernation  Hex/Ice        28%        N/A       7%          2
 Lesser Beckoning         Tloc           14%        N/A       14%         3
 Swiftness                Air            14%        N/A       14%         3
 Vampiric Draining        Necr           14%        2d7       14%         3
 Borgnjor's Vile Clutch   Necr/Erth      26%        N/A       14%         5
 Cause Fear               Hex            7%         N/A       41%         4
 Alistair's Intoxication  Tmut/Pois      10%        N/A       73%         5
 Manifold Assault         Tloc           14%        N/A       77%         5
 Eringya's Noxious Bog    Tmut/Pois      7%         N/A       80%         6
 Dragon Form              Tmut           8%         N/A       100%        7
 Borgnjor's Revivificati  Necr           7%         N/A       100%        8
 Necromutation            Tmut/Necr      7%         N/A       100%        8
 Death's Door             Necr           7%         N/A       100%        9
 Dragon's Call            Summ           26%        N/A       100%        9
 Statue Form              Tmut/Erth      Unusable   N/A       N/A         6

Dungeon Overview and Level Annotations

Branches:
Dungeon (12/15)            Temple (1/1) D:4            Lair (6/6) D:8
  Snake (0/4) Lair:3        Slime (0/5) Lair:5          Orc (0/2) D:9
Ossuary (visited)         Gauntlet (1/1)
  Swamp: Lair:2-4    Shoals: Lair:2-4

Altars:
Dithmenos
Elyvilon
Kikubaaqudgha
Makhleb
Nemelex Xobeh
Ru
Sif Muna
Uskayaw
Vehumet
Xom
The Shining One
Beogh

Shops:
D:6 [??

Annotations:
Gauntlet 8 transporters, 1 runed translucent door, exclusion: orange crystal statue


Innate Abilities, Weirdness & Mutations

You are immune to sickness and miasma.
Your stone body is resilient. (AC +9)
You are immune to poison.
You resist negative energy. (rN+)
You are resistant to electric shocks. (rElec)
You are resistant to unholy torment.
You are immune to petrification.


Message History

The spell is quite dangerous to miscast (17% risk of failure)!
Continue anyway?
You summon a servant imbued with your destructive magic!
The minotaur shoots a sling bullet.
The sling bullet barely misses you.
Casting: Spellforged Servitor (quite dangerous; 17% risk of failure)
Confirm with . or Enter, or press ? or * to list all spells.
The spell is quite dangerous to miscast (17% risk of failure)!
Continue anyway?
You summon a servant imbued with your destructive magic!
Your spellforged servitor disappears in a puff of smoke!
The minotaur shoots a sling bullet.
The sling bullet hits you but does no damage.
Unknown command.
The minotaur shoots a sling bullet.
The sling bullet hits you!!
Your spellforged servitor casts a spell at the minotaur.
The iron shot hits the minotaur!!
The minotaur shoots a sling bullet.
The sling bullet completely misses you.
Casting: Spellforged Servitor (quite dangerous; 17% risk of failure)
Confirm with . or Enter, or press ? or * to list all spells.
Aiming: Iron Shot (dangerous; 2% risk of failure)
Press: ? - help, Shift-Dir - straight line, f - minotaur
Aim: a minotaur, wielding a +0 hunting sling, wearing a +0 plate armour and quivering silver javelins (moderately wounded, ally target, 88% to hit)
You feel a surge of power!
The iron shot hits the minotaur!!
The minotaur is heavily wounded.
Casting: Iron Shot (dangerous; 2% risk of failure)
Confirm with . or Enter, or press ? or * to list all spells.
Aiming: Iron Shot (dangerous; 2% risk of failure)
Press: ? - help, Shift-Dir - straight line, f/p - minotaur
Aim: a minotaur, wielding a +0 hunting sling, wearing a +0 plate armour and quivering silver javelins (heavily wounded, ally target, 88% to hit)
You feel a surge of power!
The iron shot hits the minotaur!!
The minotaur is almost dead.
The minotaur shoots a sling bullet.
The sling bullet hits you!!
* * * LOW HITPOINT WARNING * * *
Casting: Iron Shot (dangerous; 2% risk of failure)
Confirm with . or Enter, or press ? or * to list all spells.
Aiming: Stone Arrow (safe; 1% risk of failure)
Press: ? - help, Shift-Dir - straight line, f/p - minotaur
Aim: a minotaur, wielding a +0 hunting sling, wearing a +0 plate armour and quivering silver javelins (severely wounded, ally target, 89% to hit)
You feel a surge of power!
The stone arrow hits the minotaur!
The minotaur is almost dead.
The minotaur shoots a sling bullet.
The sling bullet hits you!!
You die...

#.©.#.©#.8.## ##.##.|#...≈#
##.##.[#...## .....#.#...≈#
..Z..BZ#...## ########...≈#
...........##############
..8.....8.####.#........####
..........≈##..#@######....#
#######...##...#9..H..####.#
......#...#....#.#.##.# #.#
#+###.#...#.8©.#.#.# #.#
#..≈#.#...#....### # #.#
#.©≈#©#.8.#.8©...# #.#
#..≈#.#...#....#.# #.#
#'###(#...#.8©.#.# #.#
...)..#...#....#.# #.#


You could see a minotaur (ally target) and a friendly spellforged servitor
(summoned).

Vanquished Creatures
  A storm dragon (D:12)
  An ettin (D:12)
  3 hydras
  Erica (Lair:2)
  A boulder beetle (D:7)
  5 two-headed ogres
  A centaur warrior (D:8)
  3 nameless horrors
  Pikel (D:5)
  A deep elf pyromancer (D:12)
  A cyclops (D:12)
  A manticore (D:11)
  2 black mambas
  A torpor snail (Lair:2)
  An elephant (Lair:5)
  6 cane toads
  4 komodo dragons
  An efreet (Gauntlet)
  4 trolls
  A polar bear (Lair:3)
  10 blink frogs
  Prince Ribbit (D:6)
  3 dream sheep (Lair:2)
  A flying skull (Gauntlet)
  A vampire (D:10)
  2 wyverns (Lair:3)
  A basilisk (Lair:2)
  34 yaks
  4 wraiths
  A fire elemental (Gauntlet)
  3 vampire mosquitoes
  Eustachio (D:5)
  5 steam dragons
  7 water moccasins
  3 hell hounds (Gauntlet)
  2 acid dragons
  6 orc warriors
  4 sky beasts (D:7)
  A black bear (D:5)
  An ice beast (D:6)
  8 wolves
  An ogre (D:7)
  2 centaurs
  A kobold brigand (D:9)
  10 bullfrogs
  3 scorpions
  3 gnoll sergeants
  11 wights
  9 killer bees
  2 howler monkeys
  6 electric eels
  3 hounds
  A jelly (D:6)
  12 orc priests
  A gnoll shaman (D:7)
  Ijyb (D:3)
  6 iguanas
  17 orc wizards
  Natasha (thrice) (D:2)
  21 gnolls
  9 adders
  2 white imps
  2 ufetubi
  An adder zombie (Ossuary)
  3 dart slugs
  46 orcs
  7 endoplasms
  4 giant cockroaches
  8 goblins
  4 hobgoblins
  12 jackals
  9 kobolds
  2 quokkas
  8 ball pythons
  A ball python skeleton (Ossuary)
  6 bats
  3 frilled lizards
  3 hobgoblin skeletons (Ossuary)
  A hobgoblin zombie (Ossuary)
  An orc skeleton (Ossuary)
  2 orc zombies (Ossuary)
  A quokka zombie (D:6)
  7 rats
  A rat zombie (D:6)
395 creatures vanquished.

Vanquished Creatures (collateral kills)
  An elephant (Lair:5)
  A komodo dragon (Lair:2)
  3 blink frogs (Lair:3)
  6 yaks
  A basilisk (Lair:3)
  A water moccasin (Lair:2)
  2 wolves (Lair:6)
15 creatures vanquished.

Vanquished Creatures (others)
  2 bushes (D:9)
  9 fungi
  8 plants
  21 withered plants (Gauntlet)
40 creatures vanquished.

Grand Total: 450 creatures vanquished

Notes
Turn   | Place    | Note
-------+----------+-------------------------------------------
     0 | D:1      | Crownlay the Gargoyle Earth Elementalist began the quest
                  | for the Orb.
     0 | D:1      | Reached XP level 1. HP: 10/10 MP: 3/3
   342 | D:1      | Reached XP level 2. HP: 15/15 MP: 5/5
   777 | D:1      | Reached XP level 3. HP: 19/19 MP: 7/7
   962 | D:1      | Reached skill level 3 in Spellcasting
  1220 | D:1      | Learned a level 2 spell: Passwall
  1224 | D:1      | Learned a level 3 spell: Stone Arrow
  2201 | D:2      | Noticed Natasha
  2203 | D:2      | Killed Natasha
  2204 | D:2      | Reached XP level 4. HP: 24/24 MP: 5/9
  2767 | D:2      | Noticed Natasha
  2770 | D:2      | Killed Natasha
  2771 | D:2      | Reached skill level 4 in Spellcasting
  2771 | D:2      | Reached XP level 5. HP: 28/28 MP: 7/11
  2836 | D:2      | Noticed Natasha
  2841 | D:2      | Killed Natasha
  2955 | D:3      | Reached skill level 5 in Earth Magic
  3278 | D:4      | Reached XP level 6. HP: 11/32 MP: 10/13
  3569 | D:4      | Found a staircase to the Ecumenical Temple.
  3576 | Temple   | Entered the Ecumenical Temple
  3620 | Temple   | Became a worshipper of Vehumet
  3686 | D:4      | Reached skill level 5 in Spellcasting
  3842 | D:4      | Identified the +3 helmet "Saisulaw" {rN+++ Stlth-}
  4243 | D:3      | Noticed Ijyb
  4251 | D:3      | Killed Ijyb
  4561 | D:3      | Found a faded altar of an unknown god.
  4656 | D:4      | Reached XP level 7. HP: 34/36 MP: 12/15
  4808 | D:4      | Found a sacrificial altar of Ru.
  5324 | D:5      | Entered Level 5 of the Dungeon
  5418 | D:5      | Reached skill level 6 in Spellcasting
  5540 | D:5      | Noticed Eustachio
  5559 | D:5      | Killed Eustachio
  5559 | D:5      | Reached * piety under Vehumet
  5559 | D:5      | Offered knowledge of Magic Dart by Vehumet.
  5575 | D:5      | Noticed Pikel
  5591 | D:5      | Killed Pikel
  5592 | D:5      | Reached skill level 7 in Spellcasting
  5592 | D:5      | Reached XP level 8. HP: 41/41 MP: 0/19
  5673 | D:5      | Noticed a wraith
  5725 | D:5      | Killed a wraith
  5726 | D:5      | Reached skill level 8 in Spellcasting
  5990 | D:6      | Found Pyimudel's Magic Scroll Shoppe.
  5993 | D:6      | Bought a scroll of teleportation for 42 gold pieces
  5993 | D:6      | Bought a scroll of amnesia for 49 gold pieces
  5993 | D:6      | Bought a scroll of immolation for 49 gold pieces
  5993 | D:6      | Bought a scroll of enchant armour for 105 gold pieces
  6001 | D:6      | Found a sand-covered staircase.
  6079 | Ossuary  | Entered an ossuary
  6334 | Ossuary  | Noticed a wraith
  6334 | Ossuary  | Noticed a flying skull
  6370 | Ossuary  | Noticed a flying skull
  6371 | Ossuary  | Noticed a flying skull
  6405 | Ossuary  | Noticed a wraith
  6409 | Ossuary  | Killed a wraith
  6410 | Ossuary  | Reached XP level 9. HP: 45/45 MP: 8/21
  6525 | Ossuary  | Reached skill level 9 in Spellcasting
  6729 | D:6      | Identified the +7 flail of Analysis {vorpal, Dex+5}
  6841 | D:6      | Offered knowledge of Shock by Vehumet.
  6989 | D:6      | Found a shadowy altar of Dithmenos.
  7097 | D:6      | Found Gobashrur's Armour Shop.
  7118 | D:6      | Noticed Prince Ribbit
  7124 | D:6      | Killed Prince Ribbit
  7166 | D:6      | Reached ** piety under Vehumet
  7261 | D:6      | Reached skill level 10 in Spellcasting
  7421 | D:6      | Found Lumeid's Magic Scroll Emporium.
  7862 | D:6      | Bought a scroll of fog for 28 gold pieces
  8067 | D:7      | Reached skill level 10 in Earth Magic
  8176 | D:7      | Reached XP level 10. HP: 50/50 MP: 21/24
  8438 | D:7      | Offered knowledge of Inner Flame by Vehumet.
  8698 | D:7      | Reached skill level 11 in Spellcasting
  8759 | D:7      | Reached skill level 1 in Conjurations
  8759 | D:7      | Noticed a boulder beetle
  8779 | D:7      | Killed a boulder beetle
  8945 | D:7      | Found a shimmering altar of Xom.
  9335 | D:8      | Noticed a centaur warrior
  9347 | D:8      | Killed a centaur warrior
  9357 | D:8      | Reached *** piety under Vehumet
  9591 | D:8      | Reached skill level 5 in Conjurations
  9781 | D:8      | Reached skill level 12 in Spellcasting
  9992 | D:8      | Reached XP level 11. HP: 48/54 MP: 24/27
 10068 | D:8      | Noticed a two-headed ogre
 10075 | D:8      | Killed a two-headed ogre
 10340 | D:8      | Identified the +7 mace "Ahoas" {vorpal, rF+ Stlth+}
 10404 | D:8      | Found a staircase to the Lair.
 10446 | D:8      | Identified the +6 ring mail of Dim Light {rPois rF+ MP+9}
 10550 | D:6      | Bought a scroll of identify for 28 gold pieces
 10550 | D:6      | Bought a scroll of identify for 28 gold pieces
 10550 | D:6      | Bought a scroll of identify for 28 gold pieces
 10642 | D:9      | Offered knowledge of Iskenderun's Mystic Blast by Vehumet.
 11529 | D:9      | Reached **** piety under Vehumet
 11956 | D:9      | Found a staircase to the Orcish Mines.
 11958 | D:9      | Offered knowledge of Lightning Bolt by Vehumet.
 12237 | D:9      | Reached skill level 1 in Summonings
 12424 | D:9      | You fall into a shaft and drop 3 floors!
 12424 | D:12     | Noticed a cyclops
 12430 | D:12     | Killed a cyclops
 12660 | D:11     | Reached skill level 13 in Spellcasting
 12820 | D:12     | Learned a level 6 spell: Iron Shot
 12969 | D:11     | Noticed a five-headed hydra
 12977 | D:11     | Killed a five-headed hydra
 13149 | D:12     | Noticed a deep elf pyromancer
 13165 | D:12     | Killed a deep elf pyromancer
 13584 | D:10     | Entered Level 10 of the Dungeon
 13613 | D:10     | Reached XP level 12. HP: 59/59 MP: 21/29
 13697 | D:9      | Found a white marble altar of Elyvilon.
 15274 | D:11     | Noticed a two-headed ogre
 15278 | D:11     | Killed a two-headed ogre
 15346 | D:11     | Noticed a two-headed ogre
 15350 | D:11     | Killed a two-headed ogre
 15351 | D:11     | Reached skill level 10 in Conjurations
 15689 | D:11     | Noticed a two-headed ogre
 15692 | D:11     | Killed a two-headed ogre
 15773 | D:12     | Reached skill level 14 in Spellcasting
 15781 | D:12     | Learned a level 7 spell: Spellforged Servitor
 16047 | D:12     | Noticed a storm dragon
 16055 | D:12     | Noticed a two-headed ogre
 16060 | D:12     | Killed a storm dragon
 16061 | D:12     | Reached skill level 1 in Fighting
 16071 | D:12     | Killed a two-headed ogre
 16072 | D:12     | Reached skill level 5 in Summonings
 16077 | D:12     | Noticed a centaur warrior
 16312 | D:12     | Noticed an ettin
 16322 | D:12     | Killed an ettin
 16546 | Lair:1   | Entered Level 1 of the Lair of Beasts
 16558 | Lair:1   | Reached ***** piety under Vehumet
 16722 | Lair:1   | Offered knowledge of Olgreb's Toxic Radiance by Vehumet.
 17163 | Lair:1   | Reached XP level 13. HP: 72/72 MP: 18/31
 17331 | Lair:1   | Learned a level 5 spell: Lee's Rapid Deconstruction
 17677 | Lair:2   | Reached skill level 5 in Fighting
 17756 | Lair:2   | Noticed Erica
 17768 | Lair:2   | Killed Erica
 19879 | Lair:3   | Found a staircase to the Snake Pit.
 20433 | Lair:3   | Found a burning altar of Makhleb.
 20649 | Lair:3   | You fall into a shaft and drop 3 floors!
 20649 | Lair:6   | Entered Level 6 of the Lair of Beasts
 20728 | Lair:5   | Found a gate leading to a gauntlet.
 20737 | Lair:5   | Reached skill level 10 in Summonings
 20745 | Gauntlet | Entered a Gauntlet
 20745 | Gauntlet | Found a transporter.
 20895 | Gauntlet | Found a transporter.
 20915 | Gauntlet | Found a transporter.
 20915 | Gauntlet | Found a transporter.
 20935 | Gauntlet | Found a transporter.
 20948 | Gauntlet | Found a transporter.
 20961 | Gauntlet | Found a transporter.
 20961 | Gauntlet | Noticed a balrug
 20981 | Gauntlet | Found a transporter.
 20985 | Gauntlet | Found a transporter.
 20993 | Gauntlet | Found a transporter.
 21015 | Gauntlet | Found a transporter.
 21017 | Gauntlet | Found a transporter.
 21021 | Gauntlet | Found a runed translucent door.
 21022 | Gauntlet | Found a runed translucent door.
 21223 | Gauntlet | Identified a scroll of acquirement
 21789 | Gauntlet | Identified the +8 mace "Dragon's Tongue" {freeze, rPois
                  | Will+ Str+4}
 21789 | Gauntlet | Noticed a minotaur
 21798 | Gauntlet | Shot with a sling bullet by a minotaur

Illustrated notes

Levels and vault maps discovered:
D:1:      wander_arrival_estate, layout_basic
D:2:      layout_loops_ring, uniq_natasha
D:3:      layout_basic, shapermc_ecumenical_altar_mp_highgroup,
          minmay_fractal_squares_5, uniq_ijyb
D:4:      layout_basic, nicolae_ru_great_annihilating_truth,
          minmay_temple_entry_gardened_gates, serial_corexii_hall,
          corexii_hall_statues_i, chequers_hall_statues_corner_a,
          corexii_hall_statues_l, corexii_hall_statues_l, chequers_avenue,
          minmay_pentomino_pile
D:5:      layout_rooms, uniq_pikel, uniq_eustachio
D:6:      layout_loops_ring, nicolae_dithmenos_shadow_blocks, enter_ossuary_4,
          serial_shops, nicolae_stop_n_shop_1, kennysheep_mini,
          nicolae_shop_statue_plus, lemuel_old_faithful, uniq_prince_ribbit1
D:7:      layout_rooms, xom_butterflies, st_stairs_13, minmay_manual_mail
D:8:      kennysheep_blocky_room, layout_gridville, lair_entry_dummy
D:9:      layout_cave_pools, nicolae_elyvilon_peaceful_grove, david_orc_5
D:10:     layout_basic, minivault_27
D:11:     layout_cave_pods, serial_bayou_lagoon_a
D:12:     cross_vault, layout_basic
Temple:   hc_temple_tempest_star
Lair:1:   layout_loops_ring
Lair:2:   layout_cave_pods, uniq_erica
Lair:3:   layout_regular_city, dummy_snake_entry, basic_altar
Lair:5:   layout_cave_shapes, slime_altar_1, gauntlet_entry_generic
Lair:6:   due_jungle_book, layout_small_grid, basic_altar
Gauntlet: minmay_gauntlet_mixed_oops_all_seconds
          [minmay_gauntlet_arena_77_hold_the_fort,
          gammafunk_gauntlet_arena_hedges, minmay_gauntlet_arena_77_braids,
          nicolae_gauntlet_swirl, minmay_gauntlet_arena_77_shame_cube,
          nicolae_gauntlet_arena_blocks, dreamdust_gauntlet_exit_labyrinth]

Skill      XL: |  1  2  3  4  5  6  7  8  9 10 11 12 13 |
---------------+----------------------------------------+-----
Earth Magic    | 4 5 6 7 8 10 | 10.6
Spellcasting   | 3 4 5 7 8 10 12 13 14 | 14.1
Conjurations   | 5 9 10 | 10.0
Summonings     | 2 7 10 | 10.0
Fighting       | 4 7 |  7.7
Dodging        | |  1.5
Stealth        | |  2.1
Transmutations | |  0.7

Action                   |  1- 3 |  4- 6 |  7- 9 | 10-12 | 13-15 || total
-------------------------+-------+-------+-------+-------+-------++-------
Melee: Short sword       |    48 |       |       |       |       ||    48
       Unarmed           |     2 |       |       |       |       ||     2
       Punch             |     1 |     1 |       |       |       ||     2
       Staff             |    98 |    79 |    23 |     7 |     4 ||   211
 Cast: Sandblast         |    18 |    36 |    48 |   146 |    38 ||   286
       Stone Arrow       |       |       |    79 |   257 |   127 ||   463
       Iron Shot         |       |       |       |     4 |     2 ||     6
       Spellforged Servi |       |       |       |       |    10 ||    10
       Lee's Rapid Decon |       |       |       |       |     1 ||     1
Evoke: Wand              |       |       |       |    24 |     3 ||    27
  Use: Scroll            |       |     4 |     3 |    10 |     6 ||    23
 Stab: Sleeping          |     2 |     2 |       |       |       ||     4
       Paralysed         |       |       |     1 |       |       ||     1
Armor: Robe              |    76 |    46 |    14 |       |    45 ||   181
       Steam dragon scal |       |       |    10 |   104 |     3 ||   117
Dodge: Dodged            |   126 |    69 |    35 |    77 |    55 ||   362

Table legend: (Time is in decaauts)
 A = Elapsed time spent in this place.
 B = Non-inter-level travel time spent in this place.
 C = Inter-level travel time spent in this place.
 D = Time resting spent in this place.
 E = Time spent auto-exploring this place.
 F = Levels seen in this place.
 G = Mean time per level.
                   A        B        C        D        E       F      G
               +--------+--------+--------+--------+--------+-----+--------+
         Total |  21883 |  21024 |    859 |    829 |  16535 |  20 | 1094.2 |
       Dungeon |  16017 |  15244 |    773 |    550 |  12104 |  12 | 1334.8 |
        Temple |     59 |     44 |     15 |      0 |     35 |   1 |   59.0 |
          Lair |   4202 |   4131 |     71 |    279 |   3239 |   5 |  840.4 |
       Ossuary |    551 |    551 |      0 |      0 |    460 |   1 |  551.0 |
      Gauntlet |   1052 |   1052 |      0 |      0 |    697 |   1 | 1052.0 |
               +--------+--------+--------+--------+--------+-----+--------+

Top non-repeatable levels by time:
     D:8: 1917 daAuts
  Lair:2: 1804 daAuts
     D:1: 1616 daAuts
     D:6: 1565 daAuts
    D:12: 1439 daAuts
     D:9: 1359 daAuts
     D:7: 1348 daAuts
     D:2: 1314 daAuts
     D:4: 1284 daAuts
    D:11: 1272 daAuts
  Lair:3: 1203 daAuts
    D:10: 1136 daAuts
  Lair:1: 1098 daAuts
     D:3: 1097 daAuts
Gauntlet: 1052 daAuts
